 Dungeon Crawl Stone Soup version 0.21.1-1-g345015f (webtiles) character file.

1782 Mirai the Chopper (level 8, 0/62 HPs)
             Began as a Demonspawn Fighter on Mar 14, 2018.
             Was a Believer of Okawaru.
             Slain by a wight
             ... wielding a +6 dagger of freezing
              (1 damage)
             ... on level 7 of the Dungeon.
             The game lasted 00:17:03 (7458 turns).

Mirai the Chopper (Demonspawn Fighter)              Turns: 7458, Time: 00:17:04

Health: 0/62       AC:  9    Str: 18      XL:     8   Next: 81%
Magic:  0/10       EV:  6    Int: 10      God:    Okawaru [**....]
Gold:   426        SH:  7    Dex:  8 (13) Spells: 7/7 levels left

rFire    + . .     SeeInvis .   y - staff of fire (curse)
rCold    . . .     Gourm    .   c - +0 shield
rNeg     . . .     Faith    .   b - +1 scale mail
rPois    +         Spirit   +   (no helmet)
rElec    .         Reflect  .   (no cloak)
rCorr    .         Harm     .   (no gloves)
MR       .....     Rnd*Tele +   (no boots)
Stlth    ..........             q - amulet of guardian spirit
HPRegen  0.20/turn              D - ring of poison resistance
MPRegen  0.12/turn              t - ring of teleportation (curse)

@: extremely drained
A: claws 1, slimy green scales 1, demonic guardian 1, powered by pain 1
a: Heroism, Renounce Religion


You were on level 7 of the Dungeon.
You worshipped Okawaru.
Okawaru was pleased with you.
You were hungry.

You visited 2 branches of the dungeon, and saw 8 of its levels.

You collected 426 gold pieces.

Inventory:

Hand Weapons
 a - a +1 war axe
 B - a +0 dire flail
 E - a +0 war axe
Missiles
 d - 7 javelins (quivered)
Armour
 b - a +1 scale mail (worn)
 c - a +0 shield (worn)
Magical Staves
 y - a cursed staff of fire (weapon)
Jewellery
 e - an uncursed ring of protection from fire
 q - an amulet of guardian spirit (around neck)
 s - an uncursed ring of protection from magic
 t - a cursed ring of teleportation (right claw)
 u - an uncursed ring of positive energy
 D - a ring of poison resistance (left claw)
Wands
 m - a wand of iceblast (6)
Scrolls
 g - a scroll of teleportation
 j - 2 scrolls of enchant weapon
 l - 3 scrolls of identify
 n - 2 scrolls of enchant armour
Potions
 i - 2 potions of magic
 k - a potion of curing
 p - 2 potions of brilliance
 r - a potion of invisibility {unknown}
 w - 2 potions of heal wounds {unknown}
 z - a potion of agility {unknown}
 A - a potion of haste {unknown}
 C - a potion of mutation {unknown}
Books
 h - a book of Geomancy

   Spells                             Type                      Level
   a - Sandblast                      Earth                        1
   b - Passwall                       Transmutation/Earth          2
   c - Stone Arrow                    Conjuration/Earth            3
   d - Petrify                        Transmutation/Earth          4
   e - Lee's Rapid Deconstruction     Earth                        5
Comestibles
 f - 13 rations


   Skills:
 + Level 5.1(0.0) Fighting
 + Level 6.2(0.0) Axes
 - Level 1.0(0.0) Staves
 + Level 5.3(0.0) Armour
 * Level 5.2(0.0) Dodging
 - Level 2.6(0.0) Shields
 * Level 2.9(0.0) Invocations


You had 7 spell levels left.
You didn't know any spells.

Dungeon Overview and Level Annotations

Branches:
Dungeon (7/15)             Temple (1/1) D:4

Altars:
Ashenzari
Cheibriados
Dithmenos
Elyvilon
Fedhas
Gozag
Hepliaklqana
Kikubaaqudgha
Makhleb
Nemelex Xobeh
Okawaru
Qazlal
Ru
Sif Muna
Trog
Uskayaw
Vehumet
Wu Jian
Xom
Yredelemnul
The Shining One

Annotations:
D:6 1 runed door, exclusion: statue
D:7 buskinjo's ghost, novice OgWz


Innate Abilities, Weirdness & Mutations

You have sharp fingernails.
You are partially covered in slimy green scales. (AC +2)
A weak demonic guardian rushes to your aid.
You sometimes gain a little power by taking damage.


Message History

an enchanted halberd; a robe You closely miss the wight.
The wight is heavily damaged.
The wight hits you with a dagger of freezing.
* * * LOW HITPOINT WARNING * * *
You feel drained.
* * * LOW HITPOINT WARNING * * *
The wight freezes you.
* * * LOW HITPOINT WARNING * * *
You hit the wight.
The wight is almost destroyed.
The wight closely misses you.
Unknown command.
You hit the wight but do no damage.
The wight is almost destroyed.
The wight barely misses you.
The wight hits you with a dagger of freezing!
* * * LOW HITPOINT WARNING * * *
You feel drained.
You die...

# #.###
##########.# ....
##..........##...#
#................#
#..##########....#
#[.# ...#
#..##########..#
#..##.....@z...#
#..##.########.#
#..##.######## ?.
#..##......[.. (..
#..#...####### ...
#......[...# #. ..
#[##...###.####.##
#
#.###............#
#.# #............#


You could see a wight.

Vanquished Creatures
  Sigmund (D:3)
  An ogre (D:7)
  A phantom (D:2)
  2 centaurs (D:6)
  A scorpion (D:6)
  2 wights
  A centaur zombie (D:6)
  2 quasits
  A centaur skeleton (D:4)
  4 hounds
  2 orc priests
  3 orc wizards
  An iguana (D:5)
  Terence (D:3)
  7 worker ants
  Natasha (D:3)
  5 adders
  2 oozes (D:3)
  2 worms
  A dart slug (D:2)
  2 leopard geckos (D:3)
  26 orcs
  2 giant cockroaches
  4 goblins
  7 hobgoblins
  2 jackals (D:1)
  A quokka (D:6)
  6 bats
  6 frilled lizards
  5 kobolds
  4 rats
106 creatures vanquished.

Vanquished Creatures (collateral kills)
  The ghost of shugdite the Carver, a novice MiFi of Okawaru (D:6)
  A water moccasin (D:7)
  A necrophage (D:6)
  A wight (D:7)
  An orc priest (D:5)
  A centaur skeleton (D:7)
  An orc (D:5)
7 creatures vanquished.

Grand Total: 113 creatures vanquished

Notes
Turn   | Place    | Note
-------+----------+-------------------------------------------
     0 | D:1      | Mirai the Demonspawn Fighter began the quest for the Orb.
     0 | D:1      | Reached XP level 1. HP: 18/18 MP: 1/1
   182 | D:1      | Gained mutation: You have sharp fingernails. [demonic ancestry]
   182 | D:1      | Reached XP level 2. HP: 24/24 MP: 2/2
   296 | D:1      | Reached skill level 2 in Axes
   665 | D:2      | Found a white marble altar of Elyvilon.
   868 | D:2      | Found a deep blue altar of Sif Muna.
   877 | D:2      | Found a burning altar of Makhleb.
   999 | D:2      | Found a faded altar of an unknown god.
  1070 | D:2      | Noticed a phantom
  1101 | D:2      | Killed a phantom
  1101 | D:2      | Reached skill level 3 in Axes
  1101 | D:2      | Reached skill level 1 in Dodging
  1101 | D:2      | Gained mutation: You are partially covered in slimy green scales. (AC +2) [demonic ancestry]
  1101 | D:2      | Reached XP level 3. HP: 10/29 MP: 3/3
  1101 | D:2      | Reached XP level 4. HP: 12/35 MP: 4/4
  1343 | D:3      | Noticed Natasha
  1349 | D:3      | Killed Natasha
  1387 | D:3      | Reached XP level 5. HP: 36/41 MP: 5/5
  1404 | D:3      | Noticed Terence
  1419 | D:3      | Killed Terence
  1467 | D:3      | Found a glowing golden altar of the Shining One.
  1578 | D:3      | Noticed Sigmund
  1593 | D:3      | Killed Sigmund
  1593 | D:3      | Reached skill level 4 in Axes
  1593 | D:3      | Reached XP level 6. HP: 19/48 MP: 2/6
  1996 | D:3      | Found a sparkling altar of Nemelex Xobeh.
  2349 | D:4      | Found a staircase to the Ecumenical Temple.
  2419 | Temple   | Entered the Ecumenical Temple
  2475 | Temple   | Became a worshipper of Warmaster Okawaru
  2729 | D:4      | Gained mutation: A weak demonic guardian rushes to your aid. [demonic ancestry]
  2729 | D:4      | Reached XP level 7. HP: 39/54 MP: 5/7
  3251 | D:5      | Entered Level 5 of the Dungeon
  3306 | D:5      | Found an ancient bone altar of Kikubaaqudgha.
  3308 | D:5      | Reached skill level 5 in Axes
  3730 | D:5      | Found a stormy altar of Qazlal.
  3807 | D:5      | Found a hazy altar of Hepliaklqana.
  4107 | D:6      | Noticed shugdite's ghost (novice MiFi)
  4134 | D:6      | Killed shugdite's ghost
  4134 | D:6      | Reached * piety under Okawaru
  4134 | D:6      | Reached ** piety under Okawaru
  4134 | D:6      | Reached skill level 6 in Axes
  4134 | D:6      | Gained mutation: You sometimes gain a little power by taking damage. [demonic ancestry]
  4134 | D:6      | Reached XP level 8. HP: 27/61 MP: 5/8
  4266 | D:6      | Reached skill level 1 in Staves
  4736 | D:6      | Reached skill level 1 in Invocations
  5016 | D:6      | Found a runed door.
  5192 | D:6      | Found a radiant altar of Vehumet.
  5568 | D:7      | Noticed buskinjo's ghost (novice OgWz)
  6035 | D:7      | Reached skill level 5 in Armour
  6334 | D:7      | Reached skill level 5 in Fighting
  6430 | D:7      | Reached skill level 5 in Dodging
  7458 | D:7      | HP: 1/62 [wight/dagger of freezing (6)]
  7458 | D:7      | Slain by a wight

Skill      XL: |  1  2  3  4  5  6  7  8 |
---------------+-------------------------+-----
Axes           | 3 4 6 |  6.2
Armour         | 3 4 5 |  5.3
Dodging        | 1 2 3 5 |  5.2
Fighting       | 4 5 |  5.1
Staves         | 1 |  1.0
Invocations    | 2 |  2.9
Shields        | |  2.6

Action                   |  1- 3 |  4- 6 |  7- 9 || total
-------------------------+-------+-------+-------++-------
Melee: War axe           |    78 |   153 |    81 ||   312
       Unarmed           |       |     1 |       ||     1
       Staff             |       |       |   431 ||   431
Invok: Heroism           |       |       |    14 ||    14
Evoke: Wand              |       |       |     1 ||     1
  Use: Potion            |       |     1 |     3 ||     4
       Scroll            |       |       |    10 ||    10
 Stab: Distracted        |       |       |     5 ||     5
  Eat: Chunk             |       |     6 |    12 ||    18
       Ration            |       |       |     1 ||     1
Armor: Scale mail        |    50 |    98 |   255 ||   403
Dodge: Dodged            |    26 |    57 |   240 ||   323
Block: Shield            |    39 |    82 |   289 ||   410
